 Dungeon Crawl Stone Soup version 0.23-a0-41-g8b50da7 (webtiles) character file.

1221 Avernum the Cleaver (level 8, -8/46 HPs)
             Began as a Gargoyle Monk on Aug 5, 2018.
             Was an Initiate of Ru.
             Mangled by an orc warrior
             ... wielding a +0 flail
              (10 damage)
             ... on level 7 of the Dungeon.
             The game lasted 00:10:13 (4335 turns).

Avernum the Cleaver (Gargoyle Monk)                 Turns: 4335, Time: 00:10:15

Health: -8/46      AC: 12    Str: 17    XL:     8   Next: 47%
Magic:  8/8        EV: 11    Int: 11    God:    Ru [......]
Gold:   206        SH:  0    Dex: 10    Spells: 7/7 levels left

rFire    . . .     SeeInvis .   q - +0 war axe
rCold    . . .     Gourm    .   (no shield)
rNeg     + . .     Faith    .   f - +0 ring mail
rPois    ∞         Spirit   .   m - +1 hat
rElec    +         Reflect  .   (no cloak)
rCorr    .         Harm     .   e - +0 pair of gloves
MR       .....                  (no boots)
Stlth    +.........             h - amulet of magic regeneration
HPRegen  0.15/turn              (no ring)
MPRegen  0.36/turn              (no ring)

@: no status effects
A: clumsy 1, negative energy resistance 1, electricity resistance, unbreathing,
petrification resistance, rot immunity, AC +5
a: Renounce Religion


You were on level 7 of the Dungeon.
You worshipped Ru.
Ru was noncommittal.
You were not hungry.

You visited 2 branches of the dungeon, and saw 8 of its levels.

You collected 206 gold pieces.

Inventory:

Hand Weapons
 q - a +0 war axe (weapon)
Armour
 e - a +0 pair of gloves (worn)
 f - a +0 ring mail (worn)
 m - a +1 hat (worn)
Jewellery
 h - an amulet of magic regeneration (around neck)
Wands
 i - a wand of paralysis (28)
Scrolls
 n - 6 scrolls of remove curse
 o - 2 scrolls of magic mapping
 r - a scroll of teleportation
 s - a scroll of identify
Potions
 b - a potion of cancellation
 d - a potion of brilliance
 g - a potion of haste
 j - a potion of flight {unknown}
 k - a potion of magic {unknown}
 l - 4 potions of curing {unknown}
 p - a potion of degeneration {unknown}
Comestibles
 c - 7 rations


   Skills:
 - Level 3.2 Fighting
 * Level 9.5 Axes
 - Level 2.4 Dodging
 - Level 2.1 Stealth


You had 7 spell levels left.
You didn't know any spells.
Your spell library was empty.

Dungeon Overview and Level Annotations

Branches:
Dungeon (7/15)             Temple (1/1) D:5

Altars:
Ashenzari
Cheibriados
Dithmenos
Elyvilon
Fedhas
Gozag
Hepliaklqana
Kikubaaqudgha
Nemelex Xobeh
Okawaru
Qazlal
Ru
Uskayaw
Vehumet
Wu Jian
Xom
Yredelemnul
Zin
The Shining One

Shops:
D:4 %   D:6 }


Innate Abilities, Weirdness & Mutations

You are resistant to torment.
Your stone body is resilient. (AC +5)
You are immune to poison.
You are clumsy. (Dex -2)
You resist negative energy. (rN+)
You are resistant to electric shocks. (rElec)
You can survive without breathing.
You are immune to petrification.
You are immune to rotting.


Message History

Something hits you but does no damage.
The orc priest invokes the aid of Beogh against you.
Pain shoots through your body!
The wyvern skeleton bites you but does no damage.
The orc warrior hits you with a flail! Something hits you but does no damage.
You barely miss the orc warrior.
The orc warrior is lightly wounded.
You miss something. You hit the wyvern skeleton.
The wyvern skeleton bites you but does no damage.
Something hits you but does no damage. The orc warrior hits you with a flail!
* * * LOW HITPOINT WARNING * * *
The wyvern skeleton bites you but does no damage.
You hit the orc warrior but do no damage.
The orc warrior is lightly wounded.
You barely miss something. You closely miss the orc priest.
You barely miss the wyvern skeleton. Something hits you but does no damage.
The orc priest hits you but does no damage.
Something completely misses you. The wyvern skeleton closely misses you.
The orc warrior hits you with a flail!
You die...

###..<# #....##
......#.##
..... #).# ....
##.# ..#
#.####### # #
#...(...#...
##...Z......
#...@o......
#...o)....<.
#...<.......
.[...........
..##.$.........
. .......>....
.............
..........#...


You could see an orc warrior, an orc priest and a wyvern skeleton.

Vanquished Creatures
  A sky beast (D:6)
  A phantom (D:5)
  2 centaurs
  2 ogres
  A scorpion (D:5)
  2 howler monkeys
  A crimson imp (D:5)
  A centaur skeleton (D:4)
  2 hounds (D:4)
  4 jellies
  3 bullfrog skeletons
  2 iguanas
  3 orc wizards (D:5)
  A worker ant (D:4)
  3 adders
  9 oozes (D:4)
  2 leopard geckos (D:6)
  12 orcs
  4 giant cockroaches
  A goblin (D:2)
  2 jackals (D:2)
  6 kobolds
  2 quokkas (D:4)
  2 bats
  2 frilled lizards (D:2)
  A rat (D:1)
72 creatures vanquished.

Vanquished Creatures (others)
  3 fungi (D:4)
  10 toadstools (D:4)
13 creatures vanquished.

Grand Total: 85 creatures vanquished

Notes
Turn   | Place    | Note
-------+----------+-------------------------------------------
     0 | D:1      | Avernum the Gargoyle Monk began the quest for the Orb.
     0 | D:1      | Reached XP level 1. HP: 14/14 MP: 1/1
   144 | D:2      | Found a shadowy altar of Dithmenos.
   191 | D:2      | Reached skill level 3 in Axes
   191 | D:2      | Reached XP level 2. HP: 13/19 MP: 2/2
   501 | D:4      | Found Diuvuz's Food Boutique.
   516 | D:4      | Reached XP level 3. HP: 19/23 MP: 3/3
   559 | D:4      | Reached skill level 4 in Axes
   559 | D:4      | Reached XP level 4. HP: 16/28 MP: 4/4
   765 | D:4      | Found a sparkling altar of Nemelex Xobeh.
   765 | D:4      | Found an opulent altar of Gozag.
   881 | D:4      | Noticed an ogre
   892 | D:4      | Killed an ogre
   892 | D:4      | Reached skill level 5 in Axes
   892 | D:4      | Reached XP level 5. HP: 3/32 MP: 5/5
  1537 | D:4      | Found a snail-covered altar of Cheibriados.
  1605 | D:4      | Reached skill level 6 in Axes
  1605 | D:4      | Reached XP level 6. HP: 32/37 MP: 6/6
  1894 | D:4      | Reached skill level 7 in Axes
  2270 | D:4      | Reached XP level 7. HP: 41/41 MP: 7/7
  2286 | D:5      | Entered Level 5 of the Dungeon
  2511 | D:5      | Reached skill level 8 in Axes
  3000 | D:5      | Found a staircase to the Ecumenical Temple.
  3111 | D:5      | Reached XP level 8. HP: 37/46 MP: 8/8
  3304 | Temple   | Entered the Ecumenical Temple
  3380 | Temple   | Became a worshipper of Ru the Awakened
  3393 | Temple   | Gained mutation: You are clumsy. (Dex -2) [Ru sacrifice]
  3575 | D:6      | Found Quton's Gadget Shop.
  3645 | D:6      | Reached skill level 9 in Axes
  3731 | D:6      | HP: 2/46 [centaur (1)]
  4334 | D:7      | HP: 2/46 [orc warrior/flail (12)]
  4335 | D:7      | Mangled by an orc warrior

Vault maps used:
D:1:      enne_arrival_octagon_isle
D:2:      grunt_dithmenos_smoke, lemuel_coloured_pillars_altar,
          chequers_ecumenical_altar_grove, dk_vineyard_3
D:3:      ebering_ghost_reflecting_pool, uniq_grinder
D:4:      cheibrodos_fertilizer, grunt_temple_overflow_opulence,
          nicolae_overflow_crystal_walls, serial_shops, nicolae_shop_trees,
          first_ration
D:5:      minmay_temple_entry_purple_smoke
D:6:      cheibrodos_quashed, serial_shops, nicolae_shop_trees
Temple:   regret_index_temple_generic_petals

Skill      XL: |  1  2  3  4  5  6  7  8 |
---------------+-------------------------+-----
Axes           | 3 4 5 6 7 8 9 |  9.5
Fighting       | |  3.2
Dodging        | |  2.4
Stealth        | |  2.1

Action                   |  1- 3 |  4- 6 |  7- 9 || total
-------------------------+-------+-------+-------++-------
Melee: Hand axe          |    57 |   143 |   160 ||   360
       War axe           |       |       |     8 ||     8
Invok: Sacrifice Purity  |       |       |     1 ||     1
  Use: Scroll            |     1 |     4 |     4 ||     9
 Stab: Sleeping          |     2 |       |       ||     2
  Eat: Chunk             |       |     3 |     5 ||     8
       Ration            |       |       |     1 ||     1
Armor: Ring mail         |    33 |    49 |    75 ||   157
Dodge: Dodged            |    44 |    73 |    72 ||   189

Table legend:
 A = Spawn XP
 B = Non-spawn XP
 C = Spawn XP percentage of total XP
 D = Spawn monster count
 E = Non-spawn monster count
 F = Spawn count percentage of total count
 G = Total turns spent on level
                    A         B        C        D         E        F      G
               +---------+---------+-------+---------+---------+-------+---------
         Total |       0 |    1745 |   0.0 |       0 |      72 |   0.0 |  4335
               +---------+---------+-------+---------+---------+-------+---------
           D:1 |       0 |       3 |   0.0 |       0 |       2 |   0.0 |    69
           D:2 |       0 |      25 |   0.0 |       0 |       8 |   0.0 |   415
           D:3 |       0 |       1 |   0.0 |       0 |       1 |   0.0 |    14
           D:4 |       0 |     622 |   0.0 |       0 |      34 |   0.0 |  1788
           D:5 |       0 |     590 |   0.0 |       0 |      15 |   0.0 |  1042
           D:6 |       0 |     498 |   0.0 |       0 |      10 |   0.0 |   595
           D:7 |       0 |       6 |   0.0 |       0 |       2 |   0.0 |   176
               +---------+---------+-------+---------+---------+-------+---------
